 Dungeon Crawl Stone Soup version 0.28-a0-224-g76b539d98b (webtiles) character file.

Game seed: 1618807051850566971

20 Arne the Gusty (level 2, 0/15 HPs)
             Began as a Tengu Air Elementalist on Aug 21, 2021.
             Succumbed to an adder's poison
             ... on level 2 of the Dungeon.
             The game lasted 00:07:23 (838 turns).

Arne the Gusty (Tengu Air Elementalist)              Turns: 838, Time: 00:07:23

Health: 0/15       AC:  2    Str:  8    XL:     2   Next: 79%
Magic:  0/6        EV: 12    Int: 15    God:
Gold:   78         SH:  0    Dex: 14    Spells: 4/5 levels left

rFire   . . .      SeeInvis .   i - +0 dagger
rCold   . . .      Faith    .   (no shield)
rNeg    . . .      Spirit   +   a - +0 robe
rPois   .          Reflect  .   (helmet restricted)
rElec   .          Harm     .   (no cloak)
rCorr   .          Rampage  .   (no gloves)
Will    .....                   (boots unavailable)
Stlth   ++........              h - amulet of guardian spirit
HPRegen 0.05/turn               g - ring of flight
MPRegen 0.10/turn               (no ring)

@: lethally poisoned (0 -> -10), flying
A: beak, talons 3
a: no special abilities


You were on level 2 of the Dungeon.
You visited 1 branch of the dungeon, and saw 2 of its levels.

You collected 78 gold pieces.

Inventory:

Hand Weapons
 e - a +0 club
 i - a +0 dagger (weapon)
Armour
 a - a +0 robe (worn)
Jewellery
 g - a ring of flight (left hand)
 h - an amulet of guardian spirit (around neck)
Scrolls
 b - a scroll of enchant armour {unknown}
 d - a scroll of teleportation {unknown}
 f - a scroll of identify {unknown}
Potions
 c - a potion of flight {unknown}


   Skills:
 * Level 2.5 Dodging
 + Level 2.0 Stealth
 + Level 2.2 Spellcasting
 + Level 1.5 Conjurations
 + Level 4.6 Air Magic


You had 4 spell levels left.
You knew the following spells:

 Your Spells              Type           Power      Damage    Failure   Level
a - Shock                 Conj/Air       40%        1d5       6%          1

Your spell library contained the following spells:

 Spells                   Type           Power      Damage    Failure   Level
 Static Discharge         Conj/Air       10%        N/A       10%         2
 Swiftness                Air            15%        N/A       10%         3
 Magic Dart               Conj           24%        1d4       12%         1
 Searing Ray              Conj           12%        3d3       19%         2
 Airstrike                Air            7%         N/A       32%         4
 Fulminant Prism          Conj/Hex       1%         3d6       85%         4


Dungeon Overview and Level Annotations

Branches:
Dungeon (2/15)

Altars:


Innate Abilities, Weirdness & Mutations

You have a beak for a mouth.
You have claws for feet.


Message History

You see here a +0 dagger.
An adder comes into view.
Casting: Shock (safe; 6% risk of failure)
Confirm with . or Enter, or press ? or * to list all spells.
Aiming: Shock (safe; 6% risk of failure)
Press: ? - help, Shift-Dir - straight line The zap hits the adder.
The adder is moderately wounded.
The zap hits the adder.
The adder is heavily wounded.
The adder bites you.
You are poisoned.
The adder poisons you!
Casting: Shock (safe; 6% risk of failure)
Confirm with . or Enter, or press ? or * to list all spells.
Aiming: Shock (safe; 6% risk of failure)
Press: ? - help, Shift-Dir - straight line The zap hits the adder.
The adder is heavily wounded.
The zap hits the adder.
The adder is severely wounded.
You feel sick. The adder closely misses you. The adder bites you.
Casting: Shock (safe; 6% risk of failure)
Confirm with . or Enter, or press ? or * to list all spells.
You don't have enough magic to cast this spell.
Unknown command.
You closely miss the adder. You claw the adder.
The adder is almost dead.
You feel sick. The adder bites you.
You are lethally poisoned!
The adder poisons you!
You hit the adder but do no damage. Your peck misses the adder.
The adder is almost dead.
* * * LOW HITPOINT WARNING * * *
You feel very sick. The adder bites you.
* * * LOW HITPOINT WARNING * * *
You hit the adder.
You kill the adder!
You die...

#.#####
#)#
####.#
#....#
#.####
###.#
#...#
#.### #@#
#.......#
#######..


There were no monsters in sight!

Vanquished Creatures
  An adder (D:2)
  A dart slug (D:2)
  4 goblins
  2 hobgoblins (D:1)
  A quokka (D:1)
  2 ball pythons
  3 bats (D:1)
  2 frilled lizards (D:1)
  3 rats
19 creatures vanquished.

Vanquished Creatures (others)
  A plant (D:2)
1 creature vanquished.

Grand Total: 20 creatures vanquished

Notes
Turn   | Place    | Note
-------+----------+-------------------------------------------
     0 | D:1      | Arne the Tengu Air Elementalist began the quest for the
                  | Orb.
     0 | D:1      | Reached XP level 1. HP: 10/10 MP: 4/4
   195 | D:1      | Reached XP level 2. HP: 15/15 MP: 0/6
   838 | D:2      | Succumbed to an adder's poison

Illustrated notes

Levels and vault maps discovered:
D:1:      arrival_zaba_pyramid, layout_loops_ring
D:2:      wad_lake_hut, layout_basic, chequers_ecumenical_altar_simple_redux,
          st_stairs_7

Action                   || total
-------------------------++-------
Melee: Club              ||     7
       Kick              ||     3
       Unarmed           ||     2
       Peck              ||     1
       Dagger            ||     5
 Cast: Shock             ||    31
 Stab: Sleeping          ||     1
Armor: Robe              ||     5
Dodge: Dodged            ||     8

Table legend: (Time is in decaauts)
 A = Elapsed time spent in this place.
 B = Non-inter-level travel time spent in this place.
 C = Inter-level travel time spent in this place.
 D = Time resting spent in this place.
 E = Time spent auto-exploring this place.
 F = Levels seen in this place.
 G = Mean time per level.
                   A        B        C        D        E       F      G
               +--------+--------+--------+--------+--------+-----+--------+
         Total |    838 |    838 |      0 |      0 |    169 |   2 |  419.0 |
       Dungeon |    838 |    838 |      0 |      0 |    169 |   2 |  419.0 |
               +--------+--------+--------+--------+--------+-----+--------+

Top non-repeatable levels by time:
     D:1: 652 daAuts
     D:2: 185 daAuts
